 Dungeon Crawl Stone Soup version 0.19.0-1-g5985abe (webtiles) character file.

70848 Chiseanne the Fetichist (level 14, -7/98 HPs)
             Began as a Mummy Necromancer on Nov 2, 2016.
             Was a Believer of Ru.
             Mangled by a spriggan rider
             ... wielding a +1 spear of venom
              (19 damage)
             ... on level 2 of the Swamp.
             The game lasted 03:27:58 (36458 turns).

Chiseanne the Fetichist (Mummy Necromancer)        Turns: 36458, Time: 03:27:59

Health: -7/98      AC: 14    Str:  3    XL:     14   Next: 95%
Magic:  17/25      EV: 15    Int: 20    God:    Ru [**....]
Gold:   282        SH: 14    Dex: 10    Spells: 7 memorised, 10 levels left

rFire  + . .     SeeInvis +     e - +6 hunting sling of the Evil Eye {venom, rElec rC+++ Str-2 Dex-2}
rCold  + + +     Gourm    .     K - +2 robe {rF+}
rNeg   + + +     Faith    .     H - +0 shield
rPois  ∞         Spirit   .     G - +0 helmet
rElec  +         Reflect  +     f - +1 cloak {MR+}
rCorr  .         Harm     .     r - +0 pair of gloves {archery}
MR     ++...                    M - +5 pair of boots "Ytwaut" {rPois Str-4 SInv}
Stlth  ++++......               x - +5 amulet of reflection
                                y - ring of Shadows {Umbra +Inv Stlth+}
                                P - ring of fire

@: very slightly contaminated, wreathed by umbra, invisible
A: no food or potions, fire vulnerability, cold resistance 1, negative energy
resistance 3, torment resistance, weak 1, unbreathing, inability to train
armour, in touch with death 1, missing an eye
a: Renounce Religion, Turn Visible


You were on level 2 of the Swamp.
You worshipped Ru.
Ru was pleased with you.
You were not hungry.

You visited 4 branches of the dungeon, and saw 25 of its levels.
You visited 1 bazaar.
You also visited: Ice Cave.

You collected 3232 gold pieces.
You spent 2950 gold pieces at shops.

Inventory:

Hand Weapons
 a - a +5 dagger of venom
 e - the +6 hunting sling of the Evil Eye (weapon) {venom, rElec rC+++ Str-2 Dex-2}
   (You found it on level 9 of the Dungeon)

   It poisons the ammo it fires.
   It affects your strength (-2).
   It affects your dexterity (-2).
   It renders you almost immune to cold.
   It insulates you from electricity.
 s - a +4 hand axe of flaming
Missiles
 i - 652 stones
 l - 3 sling bullets (quivered)
 v - 3 poisoned tomahawks
 z - 6 throwing nets {!*}
 N - 6 javelins of returning
Armour
 c - a +0 large shield
 f - a +1 cloak of magic resistance (worn)
 j - the +2 robe of the Lich-sworn {+Fly Str+2}
   (You bought it in a shop on level 2 of the Orcish Mines)

   It affects your strength (+2).
   It lets you fly.
 r - a +0 pair of gloves of archery (worn)
 G - a +0 helmet (worn)
 H - a +0 shield (worn)
 K - a +2 robe of fire resistance (worn)
 M - the +5 pair of boots "Ytwaut" (worn) {rPois Str-4 SInv}
   (You found it on level 14 of the Dungeon)

   It affects your strength (-4).
   It protects you from poison.
   It lets you see invisible.
Magical Staves
 m - an uncursed staff of energy
 X - an uncursed staff of fire
Jewellery
 h - the ring of Wecsypra {AC+3 Int+10 Slay+2}
   (You bought it in a shop on level 2 of the Orcish Mines)

   [ring of protection]

   It affects your AC (+3).
   It affects your intelligence (+10).
   It affects your accuracy and damage with ranged weapons and melee attacks
   (+2).
 n - an uncursed amulet of magic regeneration
 o - an uncursed ring of resist corrosion
 x - a +5 amulet of reflection (around neck)
 y - the ring of Shadows (right hand) {Umbra +Inv Stlth+}
   (You bought it in a shop on level 10 of the Dungeon)

   [ring of stealth]

   It lets you turn invisible.
   It makes you more stealthy.
 P - a ring of fire (left hand)
Wands
 b - a wand of disintegration (3/24)
 p - a wand of enslavement (0/24)
 F - a wand of confusion (0/48)
 Q - a wand of iceblast (4/15)
 W - a wand of random effects (16/48)
Scrolls
 d - 19 scrolls of identify
 g - 10 scrolls of remove curse
 k - a scroll of teleportation
 q - 7 scrolls of amnesia
 t - a scroll of recharging
 D - 2 scrolls of magic mapping
 L - a scroll of immolation
 S - a scroll of torment
Miscellaneous
 T - a disc of storms


   Skills:
 - Level 5.1 Fighting
 * Level 2.2 Slings
 * Level 9.6 Dodging
 - Level 1.5 Stealth
 * Level 8.6 Shields
 - Level 6.9 Spellcasting
 - Level 9.6 Necromancy
 - Level 0.1 Translocations
 - Level 15.0 Evocations


You had 10 spell levels left.
You knew the following spells:

 Your Spells              Type           Power        Failure   Level  Hunger
a - Pain                  Necr           ####         1%          1    N/A
b - Animate Skeleton      Necr           N/A          1%          1    N/A
c - Vampiric Draining     Necr           ######....   1%          3    N/A
d - Animate Dead          Necr           N/A          6%          4    N/A
e - Control Undead        Necr           ######....   6%          4    N/A
f - Blink                 Tloc           N/A          34%         2    N/A
g - Apportation           Tloc           #.........   24%         1    N/A

Dungeon Overview and Level Annotations

Branches:
Dungeon (15/15)            Temple (0/1) D:7            Lair (6/6) D:11
  Swamp (2/4) Lair:2       Spider (0/4) Lair:4        Slime (0/5) Lair:5
    Orc (2/2) D:10            Elf (0/3) Orc:2        Vaults (0/5) D:13
 Depths: D:15

Altars:
Cheibriados
Dithmenos
Nemelex Xobeh
Okawaru
Ru
Sif Muna
Trog
Zin
Beogh
Jiyva

Shops:
D:10 =   D:12 =   D:13 }%?!(   Orc:2 [=(*

Annotations:
D:9 Grum


Innate Abilities, Weirdness & Mutations

You do not eat or drink.
Your flesh is vulnerable to fire.
You are immune to poison.
Your flesh is cold resistant. (rC+)
You are immune to negative energy. (rN+++)
You are immune to unholy pain and torment.
You are weak. (Str -2)
You can survive without breathing.
You cannot train Armour skill.
You are in touch with the powers of death.
You are missing an eye, making it more difficult to aim.


Message History

The swamp drake begins to attack, but is stunned by your will!
Firing (i - inventory. (,) - cycle):
l - 4 sling bullets (quivered)
Press: ? - help, Shift-Dir - straight line, f - spriggan rider
Aim: a spriggan rider, wielding a spear of venom (water, umbra)
You shoot a sling bullet.
The sling bullet misses the spriggan rider.
The spriggan rider hits you from afar with a spear of venom!!
* * * LOW HITPOINT WARNING * * *
The swamp drake breathes noxious fumes at something.
You block the spriggan rider's attack.
Casting: Vampiric Draining
Confirm with . or Enter, or press ? or * to list all spells.
Aiming: Vampiric Draining
Press: ? - help, Shift-Dir - straight line, f/p - spriggan rider
Aim: a spriggan rider, wielding a spear of venom (water, umbra)
You feel a surge of power!
The spriggan rider is lightly wounded.
You feel life coursing into your body.
The spriggan rider hits you with a spear of venom!!
You die...

.≈(≈≈≈≈.≈ ..≈≈≈≈.♣
...(.≈≈≈ ♣.(....
♣k§..≈♣♣ ♣≈≈≈≈(.♣ ♣♣♣♣♣
♣.≈§≈≈♣♣♣♣♣
♣♣♣♣...♣♣♣♣♣♣..§§..≈♣≈≈≈
.♣♣≈≈≈...♣♣.§§.§@i≈≈≈≈§.
.♣♣.≈≈.≈.♣♣§≈≈§§§§≈≈≈≈.≈
.§..≈.%..≈≈♣♣≈..§≈≈≈≈..≈
♣♣..≈.....≈♣≈.≈§≈§≈≈≈..♣
♣♣♣♣♣♣≈≈≈≈≈..≈.≈§≈§§≈≈.♣
♣ ♣♣.≈≈≈.≈≈≈≈≈§§§≈≈≈≈♣ ♣
♣.≈≈≈≈.≈≈≈≈≈..≈≈≈≈≈≈
♣≈≈≈≈≈.≈≈≈≈≈≈≈≈≈≈≈≈≈ ♣
♣..≈≈..≈.≈≈≈≈≈≈≈≈≈≈.♣


You could see a spriggan rider and a swamp drake.

Vanquished Creatures
  2 orc warlords
  The ghost of emikaela the Fighter, a journeyman OpIE of Uskayaw (Lair:6)
  2 dire elephants (Lair:6)
  Snorg (Orc:2)
  Fannar (Lair:1)
  A ghost crab (Swamp:2)
  6 hydras
  An alligator (Swamp:1)
  An ogre mage (D:13)
  An orc high priest (Orc:2)
  A fire crab (shapeshifter) (D:14)
  2 unseen horrors
  A wizard (D:15)
  3 hill giants
  3 orc knights (Orc:2)
  A harpy (Lair:6)
  2 orc sorcerers
  A wolf spider (Lair:4)
  2 deep elf magi (Orc:2)
  2 cyclopes (D:15)
  A manticore (D:14)
  A black mamba (Lair:4)
  4 elephants
  Maurice (Orc:2)
  2 centaur zombies
  9 spiny frogs
  A gargoyle (D:14)
  3 centaur skeletons
  4 rime drakes
  10 komodo dragons
  A harpy zombie (D:15)
  6 trolls
  A merfolk (Swamp:1)
  A wind drake (Lair:6)
  6 hornets
  2 tyrant leeches
  2 two-headed ogres
  2 jumping spiders (Lair:4)
  8 blink frogs
  4 polar bears
  6 hippogriffs
  13 dream sheep
  Sigmund (D:6)
  15 yaks
  3 wyverns
  A vampire (D:11)
  2 hungry ghosts
  2 basilisks
  A death yak simulacrum (IceCv)
  3 vampire mosquitoes
  2 swamp worms (Lair:2)
  3 wargs
  Menkaure (D:4)
  A steam dragon (D:10)
  A soldier ant (shapeshifter) (D:14)
  A soldier ant (D:14)
  9 water moccasins
  9 porcupines
  Duvessa (D:4)
  2 hell hounds (D:11)
  3 sky beasts
  A swamp drake (Swamp:2)
  2 black bears
  3 necrophages
  5 ice beasts
  39 orc warriors
  3 phantoms
  17 ogres
  5 wolves
  12 centaurs
  11 crocodiles
  14 bullfrogs
  Blork the orc (Orc:2)
  A wyvern zombie (D:12)
  2 gnoll sergeants (D:10)
  Dowan (D:4)
  A water moccasin zombie (D:5)
  A wyvern skeleton (D:12)
  4 scorpions
  An elephant simulacrum (IceCv)
  9 killer bees
  4 electric eels (D:8)
  6 wights
  3 howler monkeys (D:7)
  8 crimson imps
  3 bullfrog zombies
  2 jellies
  25 orc priests
  3 bullfrog skeletons
  5 hounds
  29 orc wizards
  Natasha (twice) (D:4)
  2 iguanas
  11 worker ants
  A polar bear simulacrum (IceCv)
  A wolf simulacrum (IceCv)
  A hound zombie (D:6)
  2 hound skeletons
  A mummy (D:9)
  Robin (D:4)
  2 gnolls (D:10)
  5 adders
  4 shadow imps
  11 white imps (Orc:2)
  An adder skeleton (D:6)
  6 worms
  6 leopard geckos
  77 orcs
  2 giant cockroaches
  17 goblins
  7 hobgoblins
  14 jackals
  7 kobolds
  6 quokkas
  2 ball pythons
  3 bats
  11 frilled lizards
  A jackal zombie (D:6)
  A quokka skeleton (D:5)
  4 rats
  5 fungi
  A plant (Lair:6)
620 creatures vanquished.

Vanquished Creatures (collateral kills)
  Harold (D:11)
  A merfolk avatar (Lair:6)
  An alligator (Swamp:1)
  A harpy (Lair:6)
  A swamp dragon (Swamp:1)
  A hill giant (D:13)
  An ugly thing (D:12)
  A cyclops (D:13)
  6 elephants
  A wolf spider (Lair:4)
  A rime drake (Lair:6)
  A spiny frog (Swamp:1)
  A wind drake (Lair:6)
  A hornet (Lair:6)
  6 dream sheep
  4 polar bears (Lair:6)
  5 slime creatures (Swamp:1)
  A two-headed ogre (D:13)
  3 blink frogs
  A hippogriff (Lair:3)
  Eustachio (D:4)
  A wraith (D:12)
  2 wyverns (Lair:6)
  5 yaks
  A warg (Orc:1)
  A swamp worm (Swamp:1)
  2 vampire mosquitoes
  A mottled dragon (D:11)
  7 water moccasins
  4 porcupines
  3 orc warriors
  A swamp drake (Swamp:1)
  5 ice beasts (IceCv)
  2 black bears
  2 necrophages
  3 ogres
  An eye of draining (D:15)
  5 wolves
  4 crocodiles
  4 big kobolds
  A bullfrog (Lair:1)
  A water moccasin skeleton (D:9)
  4 wights
  A crimson imp (D:5)
  A hound (D:5)
  3 orc wizards
  A centaur skeleton (D:9)
  An orc priest (D:10)
  An iguana (D:7)
  3 adders
  2 shadow imps (D:7)
  6 white imps
  3 leopard geckos
  15 orcs
  A giant cockroach (D:1)
  4 goblins (D:4)
  5 kobolds (D:13)
  A frilled lizard (D:1)
  A fungus (Lair:3)
  3 plants (Lair:6)
152 creatures vanquished.

Vanquished Creatures (others)
  Erica (D:11)
  An orc knight (Orc:1)
  A komodo dragon (Lair:1)
  A troll (D:10)
  2 orc warriors
  An ogre (Orc:2)
  9 centaurs
  An orc priest (D:9)
  An orc wizard (Orc:2)
  3 orcs
  A goblin (D:4)
  9 fungi
  18 plants
49 creatures vanquished.

Grand Total: 821 creatures vanquished

Notes
Turn   | Place    | Note
-------+----------+-------------------------------------------
     0 | D:1      | Chiseanne the Mummy Necromancer began the quest for the Orb.
     0 | D:1      | Reached XP level 1. HP: 13/13 MP: 3/3
   235 | D:1      | Learned a level 1 spell: Animate Skeleton
   363 | D:1      | Reached XP level 2. HP: 19/19 MP: 0/5
   501 | D:1      | You fall through a shaft!
   825 | D:2      | Reached XP level 3. HP: 24/24 MP: 0/6
  1268 | D:2      | Found a deep blue altar of Sif Muna.
  1268 | D:2      | Found a glowing silver altar of Zin.
  1396 | D:2      | Found a sacrificial altar of Ru.
  1398 | D:2      | Found a shadowy altar of Dithmenos.
  1403 | D:2      | Learned a level 3 spell: Vampiric Draining
  1413 | D:2      | Became a worshipper of Ru the Awakened
  2281 | D:3      | Reached XP level 4. HP: 27/30 MP: 2/8
  2450 | D:3      | Reached skill level 5 in Necromancy
  2940 | D:4      | Noticed Natasha
  2946 | D:4      | Noticed Menkaure
  2946 | D:4      | Killed Natasha
  3021 | D:5      | Entered Level 5 of the Dungeon
  3079 | D:5      | Noticed an ice beast
  3183 | D:4      | Noticed Duvessa
  3197 | D:4      | Killed Duvessa
  3197 | D:4      | Reached XP level 5. HP: 29/35 MP: 0/11
  3198 | D:4      | Noticed Dowan
  3261 | D:4      | Killed Dowan
  3261 | D:4      | Reached XP level 6. HP: 37/41 MP: 0/12
  3449 | D:4      | Gained mutation: You are missing an eye, making it more difficult to aim. [Ru sacrifice]
  3449 | D:4      | Reached * piety under Ru
  3540 | D:4      | Noticed Natasha
  3544 | D:4      | Killed Natasha
  3622 | D:4      | Learned a level 4 spell: Animate Dead
  3627 | D:4      | Learned a level 4 spell: Control Undead
  3764 | D:5      | HP: 2/41 [water moccasin zombie (8)]
  3765 | D:5      | Reached skill level 1 in Fighting
  4459 | D:4      | Reached XP level 7. HP: 28/49 MP: 4/14
  5173 | D:4      | Noticed Eustachio
  5179 | D:4      | Noticed Robin
  5189 | D:4      | Killed Robin
  5330 | D:4      | Found an iron altar of Okawaru.
  5340 | D:4      | Killed Eustachio
  5516 | D:4      | Reached XP level 8. HP: 57/59 MP: 15/15
  5663 | D:4      | Killed Menkaure
  6045 | D:6      | Found a snail-covered altar of Cheibriados.
  6306 | D:6      | Noticed Sigmund
  6318 | D:6      | Killed Sigmund
  6517 | D:6      | Reached skill level 5 in Fighting
  6944 | D:6      | Reached skill level 5 in Spellcasting
  6952 | D:6      | Found a bloodstained altar of Trog.
  7114 | D:6      | Reached skill level 5 in Dodging
  7114 | D:6      | Reached XP level 9. HP: 60/68 MP: 12/16
  7443 | D:7      | Found a staircase to the Ecumenical Temple.
  9069 | D:8      | Reached XP level 10. HP: 63/74 MP: 17/20
  9189 | D:8      | Learned a level 2 spell: Blink
  9502 | D:9      | Reached skill level 1 in Shields
  9906 | D:9      | Got a steaming hunting sling
  9909 | D:9      | Identified the +6 hunting sling of the Evil Eye {venom, rElec rC+++ Str-2 Dex-2} (You found it on level 9 of the Dungeon)
  9979 | D:9      | Noticed Grum
 10242 | D:8      | Chiseanne: hey :)
 10249 | D:9      | p0werm0de: hey
 10249 | D:9      | p0werm0de: nice combo
 10268 | D:9      | p0werm0de: but no good sacs yet?
 10271 | D:9      | Chiseanne: sacs?
 10271 | D:9      | Chiseanne: what is that?
 10271 | D:9      | p0werm0de: sacrifices
 10271 | D:9      | Chiseanne: ah
 10271 | D:9      | p0werm0de: k
 10271 | D:9      | Chiseanne: stunning enemies at will wometimes
 10271 | D:9      | p0werm0de: yea need more
 10271 | D:9      | Chiseanne: the second one was to costly
 10295 | D:9      | Found a bloodstained altar of Trog.
 10307 | D:9      | p0werm0de: got sicko qazlal spawn going
 10313 | D:9      | p0werm0de: +5 slay gloves, +6 ev ring etc ;P
 10313 | D:9      | p0werm0de: pbd
 10313 | D:9      | p0werm0de: fun times
 10313 | D:9      | Chiseanne: wow
 10313 | D:9      | Chiseanne: aye..until overconfidence gets you haha
 10313 | D:9      | Chiseanne: this game...
 10313 | D:9      | p0werm0de: yea
 10345 | D:9      | p0werm0de: nah ill try to play it solid
 10347 | D:9      | Chiseanne: !
 10347 | D:9      | Chiseanne: same here..at least I try..still tired ..need a second coffee soon ;-)
 10387 | D:10     | Entered Level 10 of the Dungeon
 10396 | D:10     | Found Yciwk's Jewellery Emporium.
 10398 | D:10     | p0werm0de: !coffee chiseanne
 10404 | D:10     | p0werm0de: m
 10404 | D:10     | p0werm0de: !!
 10404 | D:10     | Chiseanne: yay BIG THANX :D
 10404 | D:10     | p0werm0de: this ring is so uber
 10404 | D:10     | p0werm0de: ah you have no beem ;P
 10404 | D:10     | p0werm0de: he will serve coffee with that command
 10404 | D:10     | Chiseanne: its good but rpois hmm
 10404 | D:10     | p0werm0de: no i mean m
 10404 | D:10     | p0werm0de: ring of shadows
 10404 | D:10     | Chiseanne: umbra?
 10404 | D:10     | p0werm0de: yep
 10404 | D:10     | Chiseanne: yeah
 10404 | D:10     | p0werm0de: and +inv
 10404 | D:10     | p0werm0de: worth a lot on mu
 10404 | D:10     | Chiseanne: ok thats true!
 10404 | D:10     | Chiseanne: and at no costwss for me yay
 10404 | D:10     | Chiseanne: costs
 10404 | D:10     | Chiseanne: cant type
 10404 | D:10     | p0werm0de: ye bargain
 10404 | D:10     | Bought the ring of Shadows {Umbra +Inv Stlth+} for 346 gold pieces
 10404 | D:10     | Chiseanne: bought
 10404 | D:10     | p0werm0de: one of my faves
 10404 | D:10     | Bought a cursed amulet of inaccuracy for 22 gold pieces
 10404 | D:10     | Bought a cursed -3 ring of protection for 22 gold pieces
 10404 | D:10     | Bought a cursed ring of loudness for 49 gold pieces
 10405 | D:10     | p0werm0de: my DrCK where i went highscore got ring of shadows and a ev+4slay+5 ring
 10405 | D:10     | p0werm0de: quite early
 10409 | D:10     | p0werm0de: felt really untouchable
 10409 | D:10     | p0werm0de: kill TRJ at xl 18 etc
 10411 | D:10     | p0werm0de: its super dope for EV
 10411 | D:10     | Chiseanne: why ev? you mean because of the invis?
 10411 | D:10     | p0werm0de: umbra reduces enemy accuracy
 10411 | D:10     | Chiseanne: ah kk
 10411 | D:10     | p0werm0de: ad they have bad one anyway, most ones
 10411 | D:10     | Chiseanne: didnt know tht
 10411 | D:10     | p0werm0de: so if you have some EV they wont hit you much
 10411 | D:10     | Chiseanne: ok awesome..what I needed
 10411 | D:10     | p0werm0de: yea it also reduces your accuracy with the ring
 10411 | D:10     | Chiseanne: I have a reflection also
 10411 | D:10     | p0werm0de: dith protect you
 10411 | D:10     | p0werm0de: but ring not
 10411 | D:10     | Chiseanne: so thats a bit of protection
 10411 | D:10     | p0werm0de: yep
 10418 | D:10     | p0werm0de: and rus aura
 10438 | D:10     | Chiseanne: aye
 10449 | D:10     | Noticed a hill giant
 10469 | D:10     | Killed a hill giant
 10580 | D:10     | Reached skill level 1 in Evocations
 10661 | D:10     | Chiseanne: man this blows
 10947 | D:10     | Chiseanne: whew
 10962 | D:10     | Reached skill level 2 in Evocations
 11010 | D:10     | Reached skill level 3 in Evocations
 11116 | D:10     | Reached skill level 4 in Evocations
 11521 | D:10     | Killed an unseen horror
 11521 | D:10     | Reached skill level 5 in Evocations
 11960 | D:10     | Reached XP level 11. HP: 61/79 MP: 21/21
 12340 | D:10     | Found a staircase to the Orcish Mines.
 12468 | D:10     | Reached skill level 6 in Evocations
 12604 | Orc:1    | Entered Level 1 of the Orcish Mines
 12683 | Orc:1    | Gained mutation: You cannot train Armour skill. [Ru sacrifice]
 12683 | Orc:1    | Reached ** piety under Ru
 12859 | Orc:1    | Noticed an orc knight
 12916 | Orc:1    | Killed an orc knight
 13081 | Orc:1    | Reached skill level 7 in Evocations
 13464 | Orc:1    | Noticed an orc warlord
 13504 | Orc:1    | Killed an orc warlord
 13504 | Orc:1    | Reached skill level 8 in Evocations
 14116 | Orc:2    | Entered Level 2 of the Orcish Mines
 14116 | Orc:2    | Noticed Snorg
 14500 | Orc:2    | Found a frozen archway.
 14524 | IceCv    | Entered an ice cave
 14723 | Orc:2    | Noticed an orc knight
 14754 | Orc:2    | Noticed an orc sorcerer
 14755 | Orc:2    | Killed an orc knight
 14755 | Orc:2    | Reached skill level 9 in Evocations
 14766 | Orc:2    | Noticed a soul eater
 14880 | D:10     | Bought the ring of Duorphidi {*Slow rPois MR+ Str+4 Int+3} for 458 gold pieces
 14929 | D:11     | Found a staircase to the Lair.
 14979 | D:11     | Noticed a hill giant
 14984 | D:11     | Found a shadowy altar of Dithmenos.
 14998 | D:11     | Killed a hill giant
 15035 | D:11     | Found a flickering gateway to a bazaar.
 15044 | Bazaar   | Entered a bazaar
 15044 | Bazaar   | Found Faoqok's Book Emporium.
 15044 | Bazaar   | Found Ocsok's Gadget Shoppe.
 15044 | Bazaar   | Found Biubyb's Antique Armour Shoppe.
 15044 | Bazaar   | Found Sucw's Armour Emporium.
 15044 | Bazaar   | Found Ucomoaj's Gadget Emporium.
 15044 | Bazaar   | Found Xecret's General Store.
 15064 | Bazaar   | Bought a +1 cloak of magic resistance for 148 gold pieces
 15081 | Bazaar   | Bought a pair of embroidered gloves for 199 gold pieces
 15096 | Bazaar   | Bought a glowing leather armour for 152 gold pieces
 15115 | Bazaar   | Bought 2 scrolls of blinking for 225 gold pieces
 15182 | D:11     | Noticed Harold
 15227 | D:11     | Killed Harold
 15408 | D:11     | Noticed Erica
 15424 | D:11     | Reached skill level 10 in Evocations
 15544 | D:11     | Reached XP level 12. HP: 76/86 MP: 19/22
 15756 | D:11     | Killed Erica
 17268 | D:12     | Found Caschot's Jewellery Boutique.
 17639 | D:13     | Reached skill level 11 in Evocations
 17890 | Lair:1   | Entered Level 1 of the Lair of Beasts
 17898 | Lair:1   | Noticed Fannar
 17938 | Lair:1   | Killed Fannar
 18119 | Lair:1   | Learned a level 1 spell: Apportation
 19477 | Lair:2   | Reached skill level 12 in Evocations
 20490 | Lair:2   | Found a staircase to the Swamp.
 20522 | Lair:2   | HP: 4/86 [swamp worm (23)]
 22606 | Lair:4   | Reached skill level 13 in Evocations
 22628 | Lair:4   | Gained mutation: You are weak. (Str -2) [Ru sacrifice]
 22746 | Lair:4   | Gained mutation: You are in touch with the powers of death. [Mummy growth]
 22746 | Lair:4   | Reached XP level 13. HP: 90/91 MP: 10/23
 23292 | Lair:4   | Found a hole to the Spider Nest.
 23736 | Lair:5   | Reached skill level 5 in Shields
 24193 | Lair:5   | Found a viscous altar of Jiyva.
 24193 | Lair:5   | Found a staircase to the Slime Pits.
 24720 | Lair:6   | Entered Level 6 of the Lair of Beasts
 24939 | Lair:6   | Reached skill level 14 in Evocations
 25329 | Lair:6   | Noticed emikaela's ghost (journeyman OpIE)
 26417 | Lair:6   | Noticed a dire elephant
 26919 | Lair:6   | Killed a dire elephant
 27314 | Lair:6   | Noticed a dire elephant
 27600 | Lair:6   | Reached XP level 14. HP: 94/98 MP: 22/24
 27647 | Lair:6   | Killed emikaela's ghost
 28779 | D:13     | Found Qokh's Distillery.
 28923 | D:13     | Found Fanuyc's Weapon Shop.
 29046 | D:13     | Found Fuh Tuim's Magic Scroll Shoppe.
 29077 | D:13     | Found a gate to the Vaults.
 29095 | D:13     | Bought a scroll of blinking for 120 gold pieces
 29105 | D:13     | Found Ciomn's Gadget Shoppe.
 29127 | D:13     | Found a bloodstained altar of Trog.
 29165 | D:13     | Found Pogeghak's Food Emporium.
 29764 | D:14     | Found a sparkling altar of Nemelex Xobeh.
 29916 | D:14     | Got a pair of translucent boots
 29917 | D:14     | Identified the +5 pair of boots "Ytwaut" {rPois Str-4 SInv} (You found it on level 14 of the Dungeon)
 30695 | D:15     | Entered Level 15 of the Dungeon
 32179 | Orc:2    | Found a staircase to the Elven Halls.
 32314 | Orc:2    | Noticed Maurice
 32407 | Orc:2    | Killed Maurice
 33519 | Orc:2    | Noticed an orc warlord
 33544 | Orc:2    | Killed an orc warlord
 33780 | Orc:2    | Killed Snorg
 34122 | Orc:2    | Reached skill level 15 in Evocations
 34644 | Orc:2    | Noticed Blork the orc
 34669 | Orc:2    | Killed Blork the orc
 34708 | Orc:2    | Found a roughly hewn altar of Beogh.
 34719 | Orc:2    | Found Odi Mesch's Jewellery Shop.
 34725 | Orc:2    | Bought the ring of Wecsypra {AC+3 Int+10 Slay+2} for 1033 gold pieces
 34751 | Orc:2    | Found Musk's Antique Armour Shop.
 34762 | Orc:2    | Bought a heavily jewelled robe for 176 gold pieces
 34763 | Orc:2    | Identified the +2 robe of the Lich-sworn {+Fly Str+2} (You bought it in a shop on level 2 of the Orcish Mines)
 34776 | Orc:2    | Found Exzecw's Antique Weapon Shop.
 34920 | Orc:2    | Found Agidus's General Store.
 35325 | Orc:2    | Reached skill level 1 in Slings
 35581 | Swamp:1  | Entered Level 1 of the Swamp
 36458 | Swamp:2  | Mangled by a spriggan rider

Skill      XL: |  1  2  3  4  5  6  7  8  9 10 11 12 13 14 |
---------------+-------------------------------------------+-----
Spellcasting   | 3 4 5 6 |  6.9
Necromancy     | 5 6 7 8 9 |  9.6
Fighting       | 1 3 5 |  5.1
Dodging        | 2 3 5 6 7 9 |  9.6
Shields        | 4 6 8 |  8.6
Evocations     | 5 10 13 14 15 | 15.0
Slings         | 2 |  2.2
Stealth        | |  1.5
Translocations | |  0.1

Action                   |  1- 3 |  4- 6 |  7- 9 | 10-12 | 13-15 || total
-------------------------+-------+-------+-------+-------+-------++-------
Melee: Spear             |    22 |       |       |       |       ||    22
       Unarmed           |     4 |       |       |       |       ||     4
       Trident           |    37 |     2 |       |       |       ||    39
       Dagger            |       |    43 |   392 |   594 |    50 ||  1079
       Short sword       |       |    18 |    56 |    50 |       ||   124
       Hand axe          |       |       |       |   148 |    20 ||   168
       Hunting sling     |       |       |       |     1 |       ||     1
 Fire: Hunting sling     |       |       |       |   416 |   994 ||  1410
Throw: Stone             |       |       |       |     1 |       ||     1
       Throwing net      |       |       |       |     1 |       ||     1
       Tomahawk          |       |       |       |     1 |       ||     1
 Cast: Pain              |    64 |    41 |    88 |    55 |    61 ||   309
       Animate Skeleton  |    18 |     9 |    54 |     3 |       ||    84
       Vampiric Draining |       |    15 |    35 |   123 |   146 ||   319
       Control Undead    |       |       |     2 |    17 |     5 ||    24
       Animate Dead      |       |       |     1 |    83 |    89 ||   173
       Apportation       |       |       |       |       |     2 ||     2
       Blink             |       |       |       |       |     2 ||     2
Invok: Sacrifice an Eye  |       |     1 |       |       |       ||     1
       Reject Sacrifices |       |       |     1 |     1 |     2 ||     4
       Sacrifice Durabil |       |       |       |     1 |       ||     1
       Sacrifice Purity  |       |       |       |     1 |       ||     1
 Abil: Evoke Invisibilit |       |       |       |    27 |    37 ||    64
Evoke: Wand              |       |     4 |     5 |    12 |    45 ||    66
       Disc of storms    |       |       |       |       |    44 ||    44
  Use: Scroll            |     6 |     7 |     9 |    13 |    14 ||    49
 Stab: Sleeping          |       |       |     3 |    15 |       ||    18
       Distracted        |       |       |     1 |     3 |       ||     4
       Invisible         |       |       |       |    25 |     3 ||    28
       Held in net/web   |       |       |       |     1 |       ||     1
       Confused          |       |       |       |       |     2 ||     2
Armor: Robe              |    13 |    12 |   145 |   188 |   147 ||   505
       Leather armour    |       |       |       |    16 |       ||    16
Dodge: Dodged            |    57 |    43 |   379 |   658 |   354 ||  1491
Block: Buckler           |       |       |       |   337 |       ||   337
       Shield            |       |       |       |   323 |   473 ||   796
       Reflection        |       |       |       |    44 |     8 ||    52
